 Dungeon Crawl Stone Soup version 0.18-a0-690-g014cd11 (webtiles) character file.

27990 Mindmaker the Carver (level 13, -6/115 HPs)
             Began as a Deep Dwarf Artificer on Dec 4, 2015.
             Was a Priest of Pakellas.
             Shot with an arrow of flame by a minotaur (13 damage)
             ... in a labyrinth on Dec 7, 2015.
             The game lasted 01:50:44 (14627 turns).

Mindmaker the Carver (Deep Dwarf Artificer)        Turns: 14627, Time: 01:50:45

Health: -6/115     AC: 12    Str: 20    XL:     13   Next: 7%
Magic:  0/20       EV: 18    Int: 13    God:    Pakellas [***...]
Gold:   1586       SH:  0    Dex: 17    Spells: 0 memorised, 12 levels left

rFire  . . .     SeeInvis +     k - +7 long sword of the Hills {elec, +Inv Str+4}
rCold  + . .     Clarity  .     F - +3 ring mail {rC+}
rNeg   . . .     SustAt   .     (no shield)
rPois  .         Gourm    .     U - +1 hat {MR+}
rElec  .         Spirit   .     (no cloak)
rCorr  .         Dismiss  .     q - +0 pair of gloves
rMut   .         Stasis   .     (no boots)
MR     ++...                    (no amulet)
Stlth  +.........               (no ring)
                                v - ring of invisibility

@: very slightly contaminated, non-regenerating, hasted, very quick, very
resistant to hostile enchantments, very unstealthy
A: damage resistance, recharge devices, see invisible, sense surroundings 2,
slow regeneration 3
a: Device Recharging, Quick Charge, Device Surge, Renounce Religion, Evoke
Invisibility


You were in a labyrinth.
You worshipped Pakellas.
Pakellas was most pleased with you.
You were not hungry.

You visited 4 branches of the dungeon, and saw 19 of its levels.
You also visited: Labyrinth and Volcano.

You collected 1664 gold pieces.
You spent 78 gold pieces at shops.

Inventory:

Hand Weapons
 a - a +1 blowgun
 k - the +7 long sword of the Hills (weapon) {elec, +Inv Str+4}
   (You took it off an orc wizard on level 6 of the Dungeon)

   Occasionally, upon striking a foe, it will discharge some electrical energy
   and cause terrible harm.
   It affects your strength (+4).
   It lets you turn invisible.
 o - the +0 shortbow of Lunk {velocity, *Corrode rF+ rN+ Str+2}
   (You found it in a labyrinth)

   Any arrow fired from it inflicts extra damage.
   It affects your strength (+2).
   It protects you from fire.
   It protects you from negative energy.
   It may corrode your equipment when you take damage.
Missiles
 b - 54 poisoned needles
 B - 22 tomahawks
 I - 3 javelins (quivered)
 M - 5 curare-tipped needles
 N - 4 needles of sleeping
Armour
 q - a +0 pair of gloves (worn)
 F - a +3 ring mail of cold resistance (worn)
 J - a +1 scale mail of fire resistance
 R - a +0 chain mail of poison resistance
 U - a +1 hat of magic resistance (worn)
Rods
 y - a +3 iron rod (12/12)
   (Pakellas gifted it to you on level 2 of the Orcish Mines)
Jewellery
 p - an uncursed amulet of stasis
 v - a ring of invisibility (left hand)
Wands
 c - a wand of flame (0)
 d - a wand of enslavement (6)
 e - a wand of random effects (4)
 f - a wand of heal wounds (2)
 m - a wand of flame (17)
 n - a wand of teleportation (0)
 w - a wand of lightning (4)
 x - a wand of hasting (1)
 A - a wand of draining (0)
 H - a wand of fire (3)
 K - a wand of paralysis (13)
 O - a wand of disintegration (0)
 T - a wand of teleportation (4)
 X - a wand of fireball (9)
Scrolls
 i - 2 scrolls of fear
 j - 2 scrolls of recharging
 l - 3 scrolls of identify
 s - 2 scrolls of fog
 t - 2 scrolls of remove curse
 u - 2 scrolls of teleportation
Potions
 r - a potion of brilliance
 C - a potion of curing
 D - a potion of flight
 E - a potion of cure mutation {unknown}
 Q - a potion of might {unknown}
 S - 3 potions of resistance
Comestibles
 g - 8 bread rations
 z - 5 meat rations
 G - a royal jelly
 L - 8 slices of pizza


   Skills:
 + Level 7.0 Fighting
   Level 2.0(8.3) Short Blades
 - Level 13.2(13.3) Long Blades
 - Level 6.1 Maces & Flails
 - Level 10.0 Armour
 - Level 10.2 Dodging
 - Level 1.2 Stealth
 - Level 10.0 Evocations


You had 12 spell levels left.
You didn't know any spells.

Dungeon Overview and Level Annotations

Branches:
Dungeon (11/15)            Temple (1/1) D:7            Lair (3/8) D:11
  Swamp (0/4) Lair:3          Orc (4/4) D:10            Elf (0/3) Orc:4
  Snake: Lair:3-6    Spider: Lair:3-6

Altars:
Ashenzari
Cheibriados
Dithmenos
Elyvilon
Fedhas
Gozag
Kikubaaqudgha
Makhleb
Nemelex Xobeh
Okawaru
Pakellas
Qazlal
Ru
Sif Muna
Trog
Vehumet
Xom
Yredelemnul
Zin
The Shining One

Shops:
D:4 ?   D:7 (

Annotations:
D:2 Jessica


Innate Abilities, Weirdness & Mutations

You are resistant to damage.
You can recharge devices by infusing magical energy.
You passively map the area around you.
You do not regenerate naturally.
You have supernaturally acute eyesight.


Message History

It stops flaming.
The minotaur wields an uncursed war axe.
The minotaur hits you with an uncursed war axe!!
The minotaur closely misses you.
You barely miss the minotaur.
The minotaur furiously retaliates!
The minotaur headbutts you.
You hit the minotaur but do no damage. You hit the minotaur.
The minotaur is lightly wounded.
The minotaur hits you with an uncursed war axe!!
The minotaur gores you!
You slash the minotaur!
There is a sudden explosion of sparks!
The minotaur is heavily wounded.
The minotaur unwields an uncursed war axe.
The minotaur wields an uncursed shortbow of flaming.
It bursts into flame!
The minotaur shoots an arrow of flame.
The arrow of flame hits you!!
* * * LOW HITPOINT WARNING * * *
The arrow of flame burns you!
You die...

### ..# . ..#
## ..
...#########
# #.#8.8"8:8#
.#((@.H...<#
###.#
#.#8.8[8[8#
#...
...#########
#######..
....# #
..........#
###.#####.#.#
... .. .# #
#####.#.#.###
.# ... #. .#
.


You could see a minotaur.

Vanquished Creatures
  Gastronok (D:11)
  An orc warlord (Orc:3)
  Snorg (D:11)
  Harold (Orc:1)
  Erica (D:9)
  The ghost of feamirim the Severer, a journeyman DsBe of Trog (D:10)
  A centaur warrior (Volcano)
  A hill giant (D:6)
  Pikel (D:9)
  5 elephants (Lair:2)
  Maurice (D:9)
  2 black mambas
  A molten gargoyle (Volcano)
  Psyche (D:10)
  4 spiny frogs
  A gargoyle (Volcano)
  A fire drake (Lair:2)
  3 yaktaurs (Volcano)
  3 two-headed ogres
  2 trolls (Orc:3)
  A human (D:7)
  Sigmund (D:6)
  A wyvern (D:10)
  8 yaks
  3 fire bats
  A deep elf fighter (D:11)
  2 shadows (Lab)
  A steam dragon (Lair:2)
  2 hippogriffs
  2 hungry ghosts
  5 wolves (Lair:2)
  Edmund (D:4)
  8 water moccasins
  A warg (Orc:2)
  5 porcupines
  2 wasps
  18 orc warriors
  2 black bears
  8 ogres
  2 phantoms
  11 centaurs
  A sky beast (D:7)
  2 ice beasts
  2 slaves (D:9)
  A crocodile (Lair:2)
  An earth elemental (Lab)
  8 giant frogs
  2 big kobolds
  4 scorpions
  4 wights (D:11)
  8 killer bees
  5 crimson imps
  4 jellies
  A centaur zombie (D:8)
  3 giant frog zombies
  18 orc priests
  A lava snake (Volcano)
  A hound (D:6)
  A centaur skeleton (D:5)
  5 giant frog skeletons
  21 orc wizards
  7 worker ants
  7 iguanas
  19 sheep
  4 hound skeletons
  A worker ant zombie (D:3)
  6 gnolls
  12 river rats
  10 adders
  A shadow imp (D:5)
  An ooze (D:2)
  An adder skeleton (D:4)
  An adder zombie (D:5)
  2 worms
  10 giant geckos
  124 orcs
  3 giant cockroaches
  9 goblins
  6 hobgoblins
  13 jackals
  4 quokkas
  A ball python (D:2)
  15 bats
  A giant gecko skeleton (D:7)
  A giant gecko zombie (D:6)
  6 giant newts
  21 kobolds
  15 rats
  A spectral orc (D:3)
  A fungus (Lair:1)
514 creatures vanquished.

Vanquished Creatures (collateral kills)
  2 orc priests
  A hound (D:5)
  An orc wizard (D:11)
  6 orcs
  A quokka (D:9)
11 creatures vanquished.

Vanquished Creatures (others)
  A deep elf mage (D:10)
  A hippogriff (D:11)
  A warg (Orc:3)
  An orc warrior (D:11)
  A jelly (D:9)
  A worker ant (D:3)
  An orc (Orc:3)
  10 fungi
  A plant (D:11)
18 creatures vanquished.

Grand Total: 543 creatures vanquished

Notes
Turn   | Place    | Note
--------------------------------------------------------------
     0 | D:1      | Mindmaker the Deep Dwarf Artificer began the quest for the Orb.
     0 | D:1      | Reached XP level 1. HP: 16/16 MP: 3/3
    71 | D:1      | Reached skill level 1 in Short Blades
   275 | D:1      | Reached XP level 2. HP: 15/24 MP: 5/5
   331 | D:1      | Reached skill level 1 in Fighting
   981 | D:2      | Reached XP level 3. HP: 14/31 MP: 6/6
  1035 | D:2      | Noticed Jessica
  1134 | D:2      | Found a sparkling altar of Nemelex Xobeh.
  1328 | D:2      | Reached XP level 4. HP: 28/38 MP: 7/7
  1380 | D:2      | Reached skill level 1 in Armour
  1693 | D:3      | Found a blossoming altar of Fedhas.
  1707 | D:3      | Found a glowing silver altar of Zin.
  1707 | D:3      | Found a shattered altar of Ashenzari.
  2005 | D:3      | Reached skill level 1 in Maces & Flails
  2110 | D:3      | Reached XP level 5. HP: 19/44 MP: 8/8
  2305 | D:3      | Found a basalt altar of Yredelemnul.
  2569 | D:4      | Noticed Edmund
  2616 | D:4      | Killed Edmund
  2616 | D:4      | Reached XP level 6. HP: 44/51 MP: 9/9
  2631 | D:4      | You fall through a shaft for 2 floors!
  2631 | D:6      | Noticed a hill giant
  2658 | D:5      | Entered Level 5 of the Dungeon
  2908 | D:4      | Found Gyocam's Magic Scroll Boutique.
  2929 | D:4      | Bought a scroll of identify for 26 gold pieces
  2929 | D:4      | Bought a scroll of identify for 26 gold pieces
  2929 | D:4      | Bought a scroll of identify for 26 gold pieces
  3358 | D:4      | Reached XP level 7. HP: 21/57 MP: 10/10
  3370 | D:4      | Found an opulent altar of Gozag.
  3635 | D:5      | Found an iron altar of Okawaru.
  3685 | D:5      | Reached skill level 5 in Armour
  3995 | D:5      | Found a bloodstained altar of Trog.
  4004 | D:5      | Reached skill level 5 in Maces & Flails
  4026 | D:5      | Found an oddly glowing altar of Pakellas.
  4053 | D:5      | Became a worshipper of Pakellas the Inventive
  4309 | D:6      | Noticed a two-headed ogre
  4374 | D:6      | Reached skill level 6 in Maces & Flails
  4438 | D:6      | Found a stormy altar of Qazlal.
  4521 | D:6      | Reached skill level 5 in Dodging
  4521 | D:6      | Reached XP level 8. HP: 32/64 MP: 11/11
  4586 | D:6      | Noticed Sigmund
  4605 | D:6      | Reached skill level 5 in Evocations
  4607 | D:6      | Killed Sigmund
  4629 | D:6      | Got an encrusted long sword {elec}
  4630 | D:6      | Identified the +7 long sword of the Hills {elec, +Inv Str+4} (You took it off an orc wizard on level 6 of the Dungeon)
  4782 | D:6      | Reached * piety under Pakellas
  4894 | D:6      | Gained mutation: You have supernaturally acute eyesight. [potion of beneficial mutation]
  4898 | D:6      | Killed a two-headed ogre
  4915 | D:6      | Killed a hill giant
  4915 | D:6      | Gained mutation: You passively map the area around you. [Deep Dwarf growth]
  4915 | D:6      | Reached XP level 9. HP: 54/70 MP: 14/14
  4975 | D:6      | Found a snail-covered altar of Cheibriados.
  5022 | D:6      | Reached skill level 7 in Long Blades
  5442 | D:7      | Reached skill level 5 in Fighting
  5631 | D:7      | Reached ** piety under Pakellas
  5631 | D:7      | Received a gift from Pakellas
  5652 | D:7      | Found Huriosur's Antique Weapon Boutique.
  5670 | D:7      | Found a staircase to the Ecumenical Temple.
  5679 | Temple   | Entered the Ecumenical Temple
  5939 | D:7      | Found a shimmering altar of Xom.
  5939 | D:7      | Found a burning altar of Makhleb.
  5942 | D:7      | Reached skill level 8 in Evocations
  6492 | D:8      | Found a shadowy altar of Dithmenos.
  6759 | D:8      | Reached skill level 9 in Evocations
  6826 | D:8      | Reached XP level 10. HP: 58/88 MP: 8/16
  6834 | D:8      | Found an ancient bone altar of Kikubaaqudgha.
  7235 | D:9      | Reached skill level 10 in Evocations
  7338 | D:9      | Noticed Pikel
  7346 | D:9      | Reached *** piety under Pakellas
  7347 | D:9      | Noticed Maurice
  7359 | D:9      | Killed Maurice
  7371 | D:9      | Killed Pikel
  7492 | D:9      | Noticed Erica
  7495 | D:9      | Killed Erica
  7633 | D:9      | Reached skill level 10 in Long Blades
  7696 | D:10     | Entered Level 10 of the Dungeon
  7696 | D:10     | Found a white marble altar of Elyvilon.
  7704 | D:10     | Noticed feamirim's ghost (journeyman DsBe)
  7815 | D:10     | Killed feamirim's ghost
  7959 | D:10     | Noticed Psyche
  7973 | D:10     | Killed Psyche
  7973 | D:10     | Reached skill level 11 in Long Blades
  7973 | D:10     | Reached XP level 11. HP: 19/94 MP: 7/18
  8368 | D:10     | Found a staircase to the Orcish Mines.
  8531 | D:10     | Upgraded the game from 0.18-a0-626-geb0fed7 to 0.18-a0-631-g21f262b
  8531 | D:10     | Upgraded the game from 0.18-a0-631-g21f262b to 0.18-a0-641-g4caf58e
  8657 | D:11     | Noticed Gastronok
  8680 | D:11     | Killed Gastronok
  8680 | D:11     | Reached skill level 12 in Long Blades
  9046 | D:11     | Noticed Snorg
  9077 | D:11     | Killed Snorg
  9077 | D:11     | Reached skill level 13 in Long Blades
  9360 | D:11     | Found a staircase to the Lair.
  9370 | Lair:1   | Entered Level 1 of the Lair of Beasts
  9632 | Lair:1   | Found a deep blue altar of Sif Muna.
 10240 | Lair:2   | Reached **** piety under Pakellas
 10240 | Lair:2   | Reached XP level 12. HP: 86/103 MP: 19/19
 10534 | Orc:1    | Entered Level 1 of the Orcish Mines
 10731 | Orc:1    | Noticed Harold
 10748 | Orc:1    | Killed Harold
 10748 | Orc:1    | Reached skill level 10 in Dodging
 11689 | Orc:2    | Reached ***** piety under Pakellas
 11728 | Orc:2    | Received a gift from Pakellas
 11757 | Orc:2    | Upgraded the game from 0.18-a0-641-g4caf58e to 0.18-a0-690-g014cd11
 12233 | Orc:3    | Noticed an orc warlord
 12284 | Orc:3    | Killed an orc warlord
 12730 | Orc:4    | Entered Level 4 of the Orcish Mines
 12730 | Orc:4    | Found a staircase to the Elven Halls.
 12892 | Orc:4    | Found a dark tunnel.
 12898 | Volcano  | Entered a volcano
 13233 | Volcano  | Found a radiant altar of Vehumet.
 13233 | Volcano  | Noticed a centaur warrior
 13241 | Volcano  | Killed a centaur warrior
 13353 | Volcano  | Reached skill level 10 in Armour
 14057 | Lair:2   | Reached XP level 13. HP: 54/112 MP: 7/20
 14183 | Lair:3   | Found a labyrinth entrance.
 14192 | Lab      | Entered a labyrinth
 14289 | Lab      | Got an ichor-stained shortbow
 14290 | Lab      | Identified the cursed +0 shortbow of Lunk {velocity, *Corrode rF+ rN+ Str+2} (You found it in a labyrinth)
 14627 | Lab      | Shot with an arrow of flame by a minotaur

Vault maps used:
D:1:      ncdulo_wetmaze
D:2:      nemelex_xobeh_ov_fountains_minmay, uniq_jessica
D:3:      yredelemnul_forgotten_temple_becter, grunt_temple_overflow_open,
          first_bread
D:4:      lemuel_coloured_pillars_altar, serial_shops, shop, solitary_fountain,
          minmay_quantized, uniq_edmund
D:5:      nicolae_overflow_hidden_temple, bloody_trog,
          johnstein_pakellas_death_squad
D:6:      overflow_temple_1_default, nicolae_qazlal_general_emergency,
          kennysheep_generic_room_13, uniq_sigmund
D:7:      grunt_temple_overflow_champion_of_chaos, minmay_temple_entry_poolview,
          serial_shops, nicolae_shop_overgrown_old_shop, minmay_misc_feat_tower,
          grunt_livestock, kennysheep_generic_room_2
D:8:      marbit_many_paths, nicolae_dithmenos_shadow_blocks
D:9:      uniq_maurice, uniq_erica, uniq_pikel
D:10:     orc_0_dummy, elyvilon_altar_5, uniq_psyche
D:11:     grunt_lair_entry_elf_guard_hut, uniq_snorg, uniq_gastronok
Temple:   nicolae_temple_great_sept
Lair:1:   basic_altar
Lair:3:   swamp_mist, special_room, lab_entry_generic, uniq_nergalle
Orc:1:    uniq_harold
Orc:3:    nicolae_orc_accident_1, nicolae_orc_pool_cavern
Orc:4:    st_orc_elflike, enter_volcano_1, basic_altar
Lab:      nicolae_lab_dead_adventurers, nicolae_lab_stuck, nicolae_lab_swirl,
          nicolae_lab_hexagon, labyrinth_skeletal_remains
Volcano:  volcano_lake

Action                   |  1- 3 |  4- 6 |  7- 9 | 10-12 | 13-15 || total
-------------------------+-------+-------+-------+-------+-------++-------
Melee: Short sword       |    99 |   115 |       |       |       ||   214
       Flail             |       |   193 |   159 |       |       ||   352
       Long sword        |       |       |   131 |   905 |    36 ||  1072
       Rod               |       |       |       |     4 |       ||     4
 Fire: Blowgun           |       |       |     1 |       |       ||     1
Throw: Javelin           |       |       |    13 |    11 |       ||    24
       Tomahawk          |       |       |     7 |     8 |       ||    15
Invok: Quick Charge      |       |       |     6 |    44 |     6 ||    56
 Abil: Evoke Invisibilit |       |     3 |       |       |       ||     3
Evoke: Wand              |    12 |    10 |    22 |   103 |     6 ||   153
       Rod               |       |       |       |     9 |       ||     9
  Use: Potion            |       |     2 |     6 |     7 |       ||    15
       Scroll            |       |    10 |       |    12 |     1 ||    23
 Stab: Sleeping          |     5 |       |       |       |       ||     5
       Distracted        |     1 |       |       |     2 |       ||     3
       Invisible         |       |     7 |       |       |       ||     7
       Paralysed         |       |       |       |     8 |       ||     8
  Eat: Chunk             |     1 |     9 |    12 |    35 |       ||    57
       Beef jerky        |       |       |       |     6 |       ||     6
